 Dungeon Crawl Stone Soup version 0.31-a0-198-g2ad674f65e (webtiles) character file.

Game seed: 6184131050675257346

165 qw the Skirmisher (level 5, -7/29 HPs)
             Began as a Deep Elf Hunter on June 25, 2023.
             Killed from afar by an orc wizard (13 damage)
             ... with a puff of flame
             ... on level 2 of the Dungeon.
             The game lasted 00:00:41 (1745 turns).

qw the Skirmisher (Deep Elf Hunter)                 Turns: 1745, Time: 00:00:42

Health: -7/29      AC:  8    Str: 10    XL:     5   Next: 21%
Magic:  7/7        EV: 16    Int: 14    God:
Gold:   127        SH:  0    Dex: 18    Spells: 4/4 levels left

rFire   . . .        Y - +1 shortbow
rCold   . . .        (shield currently unavailable)
rNeg    . . .        d - +0 ring mail
rPois   .            (no helmet)
rElec   .            f - +2 cloak
rCorr   .            (no gloves)
SInv    .            (no boots)
Will    .....        a - amulet of faith
Stlth   +            e - +5 ring of evasion
HPRegen 0.24/turn    (no ring)
MPRegen 0.10/turn

%: faith
@: no status effects
A: no striking features
a: no special abilities


You were on level 2 of the Dungeon.
You visited 1 branch of the dungeon, and saw 3 of its levels.

You collected 127 gold pieces.


   Skills:
 - Level 1.5 Fighting
 + Level 8.7 Ranged Weapons
 - Level 2.4 Dodging
 - Level 1.2 Stealth


You had 4 spell levels left.
You didn't know any spells.
Your spell library was empty.

Inventory:

Hand Weapons
 Y - a +1 shortbow (weapon)
Armour
 d - a +0 ring mail (worn)
 f - a +2 cloak (worn)
Jewellery
 a - an amulet of faith (around neck)
 e - a +5 ring of evasion (left hand)
Scrolls
 i - a scroll of identify
Potions
 b - a potion of mutation
 g - a potion of might
 l - a potion of lignification {unknown}
 n - a potion of resistance {unknown}

Dungeon Overview and Level Annotations

Branches:
Dungeon (3/15)

Altars:
Ashenzari

Shops:
D:3 [


Message History

Enter note:
Enter note:
Enter note:
Enter note:
Enter note:
Enter note:
Enter note: You shoot an arrow.
The arrow hits the orc wizard!
The orc wizard is heavily wounded.
The orc wizard hits you but does no damage.
The orc barely misses you.
The orc hits you with a +2 dagger of protection.
You shoot an arrow. The arrow hits the orc wizard.
The orc wizard is severely wounded.
The orc wizard hits you with a +0 dagger.
The orc completely misses you. x2
You shoot an arrow.
The arrow hits the orc wizard but does no damage.
The orc wizard is severely wounded.
The orc wizard points at you and mumbles some strange words.
You are confused.
The orc hits you but does no damage. The orc misses you.
The orc wizard barely misses you. The orc misses you.
The orc closely misses you. The orc wizard misses you.
The orc hits you with a +0 hand axe. The orc hits you but does no damage.
The orc wizard closely misses you. The orc hits you with a +0 hand axe.
The orc hits you with a +2 dagger of protection.
The orc wizard barely misses you. The orc barely misses you. x2
The orc wizard barely misses you. The orc closely misses you.
The orc hits you with a +2 dagger of protection.
You feel less confused.
The orc wizard gestures at you while chanting.
The puff of flame hits you! The orc barely misses you.
The orc hits you but does no damage.
You shoot an arrow. The arrow hits the orc wizard.
The orc wizard is almost dead.
The orc wizard casts a spell at you. The puff of flame hits you!
You die...

## #......# #.##..... ########
#......###.####.## #......#
#................. #......#
######.###.###'##.
#......#########.# #.#......
#......#.......#J# #.#......
#......#.......#.# #.#......
######......#..o....#S# #.##..#..
............#...@...#.# #.##..#..
............#..o.o..#K###.##..#..
.................<........##..###
............#.#'#####.######..#
............#.#.# #.# #..#
......#######.#.# #.# #..#
##....# #.#.# #.# #..# ######
#.#.#####.# #..# #.#.......# #..#


You could see an orc wizard and 2 orcs.

Vanquished Creatures
  An orc priest (D:3)
  Natasha (thrice) (D:2)
  2 adders (D:2)
  3 ball pythons
  2 bats (D:2)
  7 endoplasms
  3 giant cockroaches (D:2)
  8 goblins
  4 hobgoblins (D:1)
  3 kobolds
  5 quokkas
  2 frilled lizards
  3 rats
46 creatures vanquished.

Notes
Turn   | Place    | Note
-------+----------+-------------------------------------------
     0 | D:1      | qw the Deep Elf Hunter began the quest for the Orb.
     0 | D:1      | Reached XP level 1. HP: 12/12 MP: 3/3
     0 | D:1      | 0 ||| qw: Version: 0.3-a-22-g0ed2b0b
     0 | D:1      | 0 ||| qw: Game counter: 5009
     0 | D:1      | 0 ||| qw: Melee chars always use a shield: true
     0 | D:1      | 0 ||| qw: God list: Okawaru
     0 | D:1      | 0 ||| qw: Allow faded altars: false
     0 | D:1      | 0 ||| qw: Do Orc after clearing Dungeon:15 true
     0 | D:1      | 0 ||| qw: Do second Lair branch before Depths: true
     0 | D:1      | 0 ||| qw: Lair rune preference: random
     0 | D:1      | 0 ||| qw: Goals: Normal
     0 | D:1      | 0 ||| PLANNING D:1-11
    43 | D:1      | 43 ||| FLEEEEING.
    44 | D:1      | 44 ||| FLEEEEING.
   113 | D:1      | Found a faded altar of an unknown god.
   232 | D:1      | Reached XP level 2. HP: 16/16 MP: 4/4
   233 | D:1      | Reached skill level 6 in Ranged Weapons
   800 | D:1      | Reached XP level 3. HP: 20/20 MP: 5/5
   805 | D:1      | 805 ||| UPGRADING to +0 ring mail.
   815 | D:1      | 815 ||| DROPPING +0 leather armour.
   816 | D:1      | 816 ||| UPGRADING to +2 cloak.
   821 | D:1      | 821 ||| UPGRADING to +5 ring of evasion.
   822 | D:1      | 822 ||| READING scroll labelled OGITABB OSUA.
   823 | D:1      | 823 ||| READING scroll labelled KUTUTS BIOMMAO.
   824 | D:1      | 824 ||| DROPPING scroll of butterflies.
   867 | D:2      | Found a broken altar of Ashenzari.
   951 | D:2      | Reached skill level 7 in Ranged Weapons
   990 | D:2      | Noticed Natasha
   996 | D:2      | Killed Natasha
  1046 | D:2      | Reached XP level 4. HP: 25/25 MP: 6/6
  1325 | D:2      | Noticed Natasha
  1338 | D:2      | Killed Natasha
  1339 | D:2      | Reached skill level 8 in Ranged Weapons
  1587 | D:2      | Noticed Natasha
  1598 | D:2      | Killed Natasha
  1599 | D:2      | Reached XP level 5. HP: 20/29 MP: 7/7
  1674 | D:2      | 1674 ||| UPGRADING to amulet of faith.
  1679 | D:2      | 1679 ||| READING scroll labelled YFEREMP OTIW.
  1684 | D:2      | 1684 ||| READING scroll labelled ADWIFYI NAGG.
  1685 | D:2      | 1685 ||| READING 5 scrolls labelled KUIT VEGEMMOUS.
  1686 | D:2      | 1686 ||| READING scroll labelled BUIDUD XORIF.
  1687 | D:2      | 1687 ||| READING scroll labelled KEVVAK VUXTIPN.
  1688 | D:2      | 1688 ||| READING 4 scrolls of identify.
  1688 | D:2      | 1688 ||| IDENTIFYING glowing amethyst potion
  1689 | D:2      | 1689 ||| READING 3 scrolls of identify.
  1689 | D:2      | 1689 ||| IDENTIFYING bubbling black potion
  1690 | D:2      | 1690 ||| READING 2 scrolls of identify.
  1690 | D:2      | 1690 ||| IDENTIFYING sedimented yellow potion
  1691 | D:2      | 1691 ||| DROPPING potion of brilliance.
  1729 | D:3      | Found Doil's Armour Shop.
  1734 | D:3      | 1734 ||| STAIRDANCE
  1744 | D:2      | HP: 6/29 [orc wizard/puff of flame (7)]
  1745 | D:2      | Killed from afar by an orc wizard

Levels and vault maps discovered:
D:1:      dpeg_arrival_pits, layout_loops_corners, basic_ecumenical_altar,
          grunt_decor_one_mirror, st_stairs_3
D:2:      layout_basic, basic_altar, uniq_natasha
D:3:      layout_loops_ring, grunt_qazlal_sundering,
          mainiacjoe_overflow_catwalk, nicolae_overflow_two_pavilions,
          serial_shops, nicolae_shop_window_shopping,
          nicolae_shop_gibbet_a_chance, nicolae_square_shop, shop

Skill      XL: |  1  2  3  4 |
---------------+-------------+-----
Ranged Weapons | 6 7 8 |  8.7
Fighting       | |  1.5
Dodging        | |  2.4
Stealth        | |  1.2

Action                     |  1- 3 |  4- 6 || total
---------------------------+-------+-------++-------
   Fire: Shortbow          |    88 |    65 ||   153
    Use: Scroll            |     2 |     8 ||    10
 Armour: Leather armour    |     3 |       ||     3
         Ring mail         |     4 |    13 ||    17
  Dodge: Dodged            |    26 |    45 ||    71

Table legend:
 A = Non-vault XP
 B = Vault XP
 C = Vault XP percentage of total XP
 D = Non-vault monster count
 E = Vault monster count
 F = Vault count percentage of total count
                 A         B        C        D         E       F
            +---------+---------+-------+---------+---------+-------
      Total |     200 |      36 |  15.3 |      43 |       3 |   6.5
            +---------+---------+-------+---------+---------+-------
        D:1 |      38 |       3 |   7.3 |      21 |       2 |   8.7
        D:2 |     124 |      33 |  21.0 |      21 |       1 |   4.5
        D:3 |      38 |       0 |   0.0 |       1 |       0 |   0.0
            +---------+---------+-------+---------+---------+-------
